 Dungeon Crawl Stone Soup version 0.31-a0-521-gc7390f8997 (webtiles) character file.

Game seed: 15074672142106075170

27 javelincjr the Sneak (level 3, -3/21 HPs)
             Began as an Octopode Hedge Wizard on Aug 10, 2023.
             Slain by a phantom (6 damage)
             ... on level 2 of the Dungeon.
             The game lasted 00:03:08 (1390 turns).

javelincjr the Sneak (Octopode Hedge Wizard)        Turns: 1390, Time: 00:03:09

Health: -3/21      AC:  1    Str:  9    XL:     3   Next: 10%
Magic:  2/7        EV: 13    Int: 18    God:
Gold:   85         SH:  0    Dex: 11    Spells: 3/8 levels left

rFire   . . .        a - +0 dagger
rCold   . . .        (no shield)
rNeg    . . .        b - +0 hat
rPois   .            (no amulet)
rElec   .            (no ring)
rCorr   .            (no ring)
SInv    .            (no ring)
Will    .....        (no ring)
Stlth   +++          (no ring)
HPRegen 0.23/turn    (no ring)
MPRegen 0.10/turn    (no ring)
                     (no ring)

%: no passive effects
@: no status effects
A: almost no armour, amphibious, 8 rings, camouflage 1, gelatinous body 1,
(nimble swimmer 1), tentacles
a: no special abilities


You were on level 2 of the Dungeon.
You visited 1 branch of the dungeon, and saw 2 of its levels.

You collected 85 gold pieces.

Inventory:

Hand Weapons
 a - a +0 dagger (weapon)
Armour
 b - a +0 hat (worn)
Scrolls
 e - a scroll of teleportation {unknown}
 g - a scroll of immolation {unknown}
Potions
 c - a potion of magic
 d - a potion of heal wounds {unknown}
 f - a potion of haste {unknown}
 h - a potion of lignification {unknown}


   Skills:
 + Level 2.2 Dodging
 + Level 3.2 Stealth
 + Level 3.1 Spellcasting
 + Level 1.4 Conjurations
 + Level 1.4 Summonings
 + Level 1.3 Translocations


You had 3 spell levels left.
You knew the following spells:

 Your Spells              Type           Power      Damage    Failure   Level
a - Magic Dart            Conj           32%        1d4       9%          1
b - Call Imp              Summ           16%        N/A       14%         2
c - Blink                 Tloc           14%        N/A       14%         2

Your spell library contained the following spells:

 Spells                   Type           Power      Damage    Failure   Level
 Slow                     Hex            8%         N/A       16%         1
 Cigotuvi's Dreadful Rot  Necr/Pois/Air  4%         N/A       24%         2
 Mephitic Cloud           Conj/Pois/Air  4%         N/A       36%         3


Dungeon Overview and Level Annotations

Branches:
Dungeon (2/15)

Altars:


Innate Abilities, Weirdness & Mutations

You cannot wear most types of armour.
You are amphibious.
You can wear up to eight rings at the same time.
Your skin changes colour to match your surroundings (Stealth+).
Your rubbery body absorbs attacks. (AC +1, EV +1)
((You are camouflaged when in or above water. (Stealth+)))
You have tentacles for arms and can constrict up to eight enemies at once.


Message History

You miscast Magic Dart.
You are very lightly contaminated with residual magic.
Nothing appears to happen.
The magic dart hits the phantom.
The phantom is lightly damaged.
Okay, then.
Your cerulean imp barely misses the phantom.
Found a stone staircase leading down.
Your cerulean imp hits the phantom but does no damage.
The phantom hits you but does no damage.
You barely miss the phantom. Your squeeze misses the phantom.
Your cerulean imp barely misses the phantom.
The phantom hits you.
You completely miss the phantom.
Your cerulean imp misses the phantom.
The phantom closely misses you.
You hit the phantom.
The phantom is lightly damaged.
Your cerulean imp hits the phantom with a -4 spear.
The phantom hits you!
Your magical contamination has completely faded away.
You are too injured to fight recklessly!
You are too injured to fight recklessly!
Unknown command.
You are too injured to fight recklessly!
Casting: Magic Dart (safe; 9% risk of failure)
Confirm with . or Enter, or press ? or * to list all spells.
Aiming: Magic Dart (safe; 9% risk of failure)
Press: ? - help, Shift-Dir - straight line, f/p - phantom
Aim: a phantom (lightly damaged, ally target, 100% to hit)
The magic dart hits the phantom but does no damage.
The phantom is lightly damaged.
Your cerulean imp barely misses the phantom.
The phantom closely misses you.
You are too injured to fight recklessly!
Your cerulean imp barely misses the phantom.
The phantom attacks as you move away! The phantom hits you.
* * * LOW HITPOINT WARNING * * *
Your cerulean imp misses the phantom.
The phantom attacks as you move away! The phantom hits you.
You die...

#.# ## #.# .#
###.####.# #.#.#....#
# # ###.#.#@#..#.#..>
#.......W.5......
###.#........#.$..
............$......
###.#...###.##.#.#. .
#.#...###.#. ..
.#....##.#..........
.#
##.#.........#.#####.#
# .#.#....####.#.# .


You could see a phantom (ally target) and a friendly cerulean imp (summoned).

Vanquished Creatures
  2 dart slugs (D:1)
  3 ball pythons (D:1)
  3 bats (D:1)
  3 endoplasms
  2 goblins
  2 quokkas (D:1)
  3 kobolds
  2 rats (D:1)
20 creatures vanquished.

Vanquished Creatures (collateral kills)
  A goblin (D:1)
1 creature vanquished.

Grand Total: 21 creatures vanquished

Notes
Turn   | Place    | Note
-------+----------+-------------------------------------------
     0 | D:1      | javelincjr the Octopode Hedge Wizard began the quest for
                  | the Orb.
     0 | D:1      | Reached XP level 1. HP: 11/11 MP: 4/4
   306 | D:1      | Reached XP level 2. HP: 17/17 MP: 0/6
   314 | D:1      | Learned a level 2 spell: Call Imp
   317 | D:1      | Learned a level 2 spell: Blink
   940 | D:1      | Reached XP level 3. HP: 19/21 MP: 4/7
  1136 | D:2      | Found a faded altar of an unknown god.
  1375 | D:2      | Noticed a phantom
  1390 | D:2      | Slain by a phantom

Illustrated notes

Levels and vault maps discovered:
D:1:      minmay_arrival_diagonal_passages, layout_basic, minmay_misc_feat_room
D:2:      layout_basic, ebering_ecumenical_altar_sacrificial

Skill      XL: |  1  2 |
---------------+-------+-----
Stealth        | 3 |  3.2
Dodging        | |  2.2
Spellcasting   | |  3.1
Conjurations   | |  1.4
Summonings     | |  1.4
Translocations | |  1.3

Action                     || total
---------------------------++-------
  Melee: Dagger            ||    17
         Constrict         ||     6
         Tentacles         ||     6
         Punch             ||     1
   Cast: Magic Dart        ||    40
         Call Imp          ||     5
 Armour: Skin              ||     1
  Dodge: Dodged            ||    12

Table legend: (Time is in decaauts)
 A = Elapsed time spent in this place.
 B = Non-inter-level travel time spent in this place.
 C = Inter-level travel time spent in this place.
 D = Time resting spent in this place.
 E = Time spent auto-exploring this place.
 F = Levels seen in this place.
 G = Mean time per level.
                   A        B        C        D        E       F      G
               +--------+--------+--------+--------+--------+-----+--------+
         Total |   1389 |   1363 |     26 |      0 |   1211 |   2 |  694.5 |
       Dungeon |   1389 |   1363 |     26 |      0 |   1211 |   2 |  694.5 |
               +--------+--------+--------+--------+--------+-----+--------+

Top non-repeatable levels by time:
     D:1: 1069 daAuts
     D:2: 320 daAuts
